 Dungeon Crawl Stone Soup version 0.31-a0-569-g7ea453304b (webtiles) character file.

Game seed: 3668608525488716790

4368 Ajdolov the Mimic (level 10, 0/44 HPs)
             Began as a Vine Stalker Shapeshifter on Aug 18, 2023.
             Was a Follower of Ru.
             Slain by an eight-headed hydra (2 damage)
             ... on level 8 of the Dungeon.
             The game lasted 00:16:09 (7524 turns).

Ajdolov the Mimic (Vine Stalker Shapeshifter)       Turns: 7524, Time: 00:16:10

Health: 0/44       AC:  9    Str: 23    XL:     10   Next: 34%
Magic:  0/20       EV:  8    Int:  8    God:    Ru [*.....]
Gold:   304        SH:  0    Dex: 14    Spells: 9/9 levels left

rFire   + .          .
                       - Unarmed
rCold   . . .        (shield currently unavailable)
rNeg    . . .        B - +0 chain mail
rPois   .            (no helmet)
rElec   .            (no cloak)
rCorr   .            q - +0 pair of gloves
SInv    .            (no boots)
Will    +....        (no amulet) Stlth
                     n - ring of magical power
HPRegen 1.07/turn    u - ring of protection from fire
MPRegen 0.17/turn

%: guardian spirit
@: flux-form, glowing
A: glow, contaminating, fangs 3, regeneration 1, magic shield, antimagic bite,
no potion heal 2, inability to train armour
a: Begin Untransformation, Renounce Religion


You were on level 8 of the Dungeon.
You worshipped Ru.
Ru was aware of your devotion.
You were something dangerously unstable.
You visited 1 branch of the dungeon, and saw 8 of its levels.

You collected 408 gold pieces.
You spent 104 gold pieces at shops.

Inventory:

Missiles
 m - a throwing net
Armour
 q - a +0 pair of gloves (worn)
 B - a +0 chain mail (worn)
Jewellery
 i - a ring of fire
 n - a ring of magical power (left hand)
 u - a ring of protection from fire (right hand)
Talismans
 c - a beast talisman
 d - a flux talisman (active)
Wands
 b - a wand of charming (3)
 p - a wand of roots (4)
 x - a wand of polymorph (12)
 C - a wand of digging (7)
Scrolls
 a - a scroll of teleportation {unknown}
 f - a scroll of amnesia {unknown}
 g - 5 scrolls of identify {unknown}
 h - 3 scrolls of poison {unknown}
 j - a scroll of summoning {unknown}
 k - a scroll of fog {unknown}
 l - a scroll of enchant weapon {unknown}
 o - a scroll of noise {unknown}
 r - a scroll of vulnerability {unknown}
 v - a scroll of revelation {unknown}
 y - a scroll of brand weapon {unknown}
 E - a scroll of fear {unknown}
Potions
 e - a potion of attraction {unknown}
 s - a potion of magic {unknown}
 t - a potion of brilliance {unknown}
 w - 2 potions of curing
 z - a potion of heal wounds {unknown}
 D - a potion of enlightenment {unknown}


   Skills:
 - Level 0.8 Fighting
 - Level 1.5 Dodging
 + Level 9.2 Unarmed Combat
 * Level 10.6 Shapeshifting


You had 9 spell levels left.
You didn't know any spells.
Your spell library contained the following spells:

 Spells                   Type           Power      Damage    Failure   Level
 Apportation              Tloc           0%         N/A       97%         1
 Necrotise                Necr           0%         1d4       97%         1
 Inner Flame              Hex/Fire       0%         N/A       100%        3
 Vampiric Draining        Necr           0%         2d6       100%        3
 Agony                    Necr           0%         N/A       100%        5
 Alistair's Intoxication  Tmut/Pois      0%         N/A       100%        5
 Yara's Violent Unravell  Hex/Tmut       0%         3d3       100%        5
 Enfeeble                 Hex            0%         N/A       100%        7


Dungeon Overview and Level Annotations

Branches:
Dungeon (8/15)             Temple (0/1) D:6
   Lair: D:8-11

Altars:
Elyvilon
Gozag
Hepliaklqana
Nemelex Xobeh
Okawaru
Qazlal
Ru
Wu Jian
Xom

Shops:
D:3 [   D:5 *


Innate Abilities, Weirdness & Mutations

You are something dangerously unstable.
You glow with magical radiation, making you easy to see and hit.
Foes you strike become dangerously contaminated with magical radiation.
You are incapable of wielding weapons or throwing items.
You have razor-sharp teeth.
Your natural rate of healing is unusually fast.
When hurt, damage is shared between your health and your magic reserves.
Your bite disrupts and absorbs the magic of your enemies.
Potions cannot restore your health.
You cannot train Armour skill.


Message History

Okay, then.
An eight-headed hydra comes into view.
The eight-headed hydra roars!
The eight-headed hydra puts on a burst of speed as it pursues you!
Aiming: Corrosive Bolt
Press: ? - help, Shift-Dir - straight line, f - eight-headed hydra
Aim: an eight-headed hydra (pursuing quickly, 90% to hit)
The bolt of acid misses the eight-headed hydra.
Aiming: Corrosive Bolt
Press: ? - help, Shift-Dir - straight line, f/p - eight-headed hydra
Aim: an eight-headed hydra (pursuing quickly, 90% to hit)
The bolt of acid hits the eight-headed hydra!
The eight-headed hydra is lightly wounded.
Aiming: Corrosive Bolt
Press: ? - help, Shift-Dir - straight line, f/p - eight-headed hydra
Aim: an eight-headed hydra (lightly wounded, pursuing quickly, 90% to hit)
The bolt of acid hits the eight-headed hydra!!
The acid corrodes the eight-headed hydra!
The eight-headed hydra is heavily wounded.
The now-empty wand crumbles to dust.
You punch the eight-headed hydra!
The eight-headed hydra begins to glow.
You bite the eight-headed hydra. You drain its power.
The eight-headed hydra is severely wounded.
The eight-headed hydra bites you. The eight-headed hydra bites you! x2
The eight-headed hydra bites you. x2; The eight-headed hydra bites you!
* * * LOW HITPOINT WARNING * * *
The eight-headed hydra bites you but does no damage. x2
You hit the eight-headed hydra.
The eight-headed hydra glows dangerously bright.
The eight-headed hydra is severely wounded.
The eight-headed hydra completely misses you.
The eight-headed hydra barely misses you.
The eight-headed hydra closely misses you.
The eight-headed hydra bites you.
* * * LOW HITPOINT WARNING * * *
The eight-headed hydra bites you.
* * * LOW HITPOINT WARNING * * *
The eight-headed hydra barely misses you.
The eight-headed hydra bites you.
You die...

........####............#.
(.......####........<.#.#.
..........................
##.......###..........#.#.
#..........†...........#.
#........##...)##.#.###..
#.######.##....##........
#. #D##....##.#.####. #
#B##....##.#.####.
........##....#.........
.................#.###..
.#.####.......#..### #..
.. ..........## #..
......#...## #..
...........# #..
##...#.#...## #..
#..#.#...# #..


You could see an eight-headed hydra (pursuing, heavy contam, corroded).

Vanquished Creatures
  A two-headed ogre (D:5)
  An unseen horror (D:7)
  A troll (D:5)
  Sigmund (D:4)
  4 yaks (D:7)
  2 water moccasins
  An orc warrior (D:8)
  An ogre (D:5)
  3 centaurs
  2 phantoms
  3 bullfrogs
  Blork the orc (D:4)
  A kobold brigand (D:8)
  A scorpion (D:7)
  5 wights
  3 killer bees (D:7)
  An orc priest (D:6)
  3 gnoll boudas
  5 hounds
  A jelly (D:6)
  2 sleepcaps
  Ijyb (D:5)
  4 iguanas
  3 orc wizards
  19 gnolls
  6 adders
  2 shadow imps (D:7)
  2 ufetubi
  A worm (D:3)
  2 dart slugs
  25 orcs
  3 endoplasms
  4 giant cockroaches
  7 goblins
  6 hobgoblins
  8 jackals
  12 kobolds
  2 quokkas (D:4)
  9 ball pythons
  5 bats
  5 frilled lizards
  8 rats
177 creatures vanquished.

Vanquished Creatures (collateral kills)
  A white imp (D:7)
1 creature vanquished.

Vanquished Creatures (others)
  A yak (D:7)
  2 killer bees (D:7)
3 creatures vanquished.

Grand Total: 181 creatures vanquished

Notes
Turn   | Place    | Note
-------+----------+-------------------------------------------
     0 | D:1      | Ajdolov the Vine Stalker Shapeshifter began the quest for
                  | the Orb.
     0 | D:1      | Reached XP level 1. HP: 9/9 MP: 2/2
   117 | D:1      | Reached XP level 2. HP: 14/14 MP: 3/3
   449 | D:1      | Reached XP level 3. HP: 13/17 MP: 2/4
   743 | D:2      | Found an ornate altar of the Wu Jian Council.
   902 | D:2      | Gained mutation: Your natural rate of healing is unusually
                  | fast. [Vine Stalker growth]
   902 | D:2      | Reached XP level 4. HP: 17/21 MP: 3/5
  1117 | D:2      | Reached skill level 4 in Shapeshifting
  1510 | D:3      | Found a faded altar of an unknown god.
  1511 | D:3      | Found an iron altar of Okawaru.
  1600 | D:3      | Found a white marble altar of Elyvilon.
  1771 | D:3      | Found a faded altar of an unknown god.
  1774 | D:3      | Found a stormy altar of Qazlal.
  1837 | D:3      | Found a shimmering altar of Xom.
  1840 | D:3      | Found a sparkling altar of Nemelex Xobeh.
  1937 | D:3      | Found Huot Lum's Antique Armour Shop.
  2236 | D:3      | Found an ornate altar of the Wu Jian Council.
  2415 | D:4      | Reached XP level 5. HP: 25/25 MP: 6/6
  2574 | D:4      | Reached XP level 6. HP: 29/29 MP: 7/7
  2707 | D:4      | Reached skill level 5 in Shapeshifting
  2908 | D:4      | Noticed Sigmund
  2925 | D:4      | Noticed Blork the orc
  2955 | D:4      | Killed Blork the orc
  2956 | D:4      | Reached skill level 5 in Unarmed Combat
  2956 | D:4      | Reached XP level 7. HP: 29/32 MP: 8/8
  2994 | D:4      | Killed Sigmund
  2995 | D:4      | Reached skill level 6 in Shapeshifting
  3017 | D:4      | Found a sacrificial altar of Ru.
  3020 | D:4      | You fall into a shaft and drop 3 floors!
  3397 | D:6      | Gained mutation: You have razor-sharp teeth. [Vine Stalker
                  | growth]
  3397 | D:6      | Reached XP level 8. HP: 9/37 MP: 3/9
  3536 | D:6      | Found an opulent altar of Gozag.
  3610 | D:6      | Reached skill level 7 in Shapeshifting
  3682 | D:5      | Entered Level 5 of the Dungeon
  3970 | D:4      | Became a worshipper of Ru the Awakened
  4476 | D:5      | Identified the +7 sling of Dissolution {heavy, +Blink rElec
                  | Int+3 Stlth+}
  4543 | D:5      | Noticed Ijyb
  4574 | D:5      | Killed Ijyb
  4603 | D:5      | Identified the orb of Nialappo {guile, *Slow rPois rN++
                  | Regen+}
  4839 | D:5      | Noticed a troll
  4877 | D:5      | Killed a troll
  4878 | D:5      | Reached skill level 8 in Shapeshifting
  4878 | D:5      | Reached XP level 9. HP: 5/40 MP: 2/10
  4912 | D:5      | Noticed a two-headed ogre
  4946 | D:5      | Killed a two-headed ogre
  5155 | D:5      | Found Palytanil's Assorted Antiques.
  5162 | D:5      | Bought a twisted lead wand for 104 gold pieces
  5170 | D:5      | Reached skill level 9 in Shapeshifting
  5294 | D:6      | Found a staircase to the Ecumenical Temple.
  5536 | D:6      | Gained mutation: You cannot train Armour skill. [Ru
                  | sacrifice]
  5536 | D:6      | Reached * piety under Ru
  6346 | D:7      | Reached skill level 10 in Shapeshifting
  6346 | D:7      | Reached XP level 10. HP: 34/44 MP: 11/11
  6576 | D:7      | Found a hazy altar of Hepliaklqana.
  7100 | D:7      | Noticed an unseen horror
  7107 | D:7      | Killed an unseen horror
  7510 | D:8      | Noticed an eight-headed hydra
  7524 | D:8      | HP: 2/44 [eight-headed hydra (5)]
  7524 | D:8      | Slain by an eight-headed hydra

Illustrated notes

Levels and vault maps discovered:
D:1:      ncdulo_lavacross, layout_loops_ring
D:2:      layout_basic, basic_altar
D:3:      layout_loops_ring, okawaru_metal_pillars_3,
          nicolae_wu_jian_glorious_leap, elyvilon_altar_3,
          nicolae_overflow_ecumenical_swirl, nicolae_overflow_squiral,
          hellmonk_ecumenical_altar_pennies_from_heaven, serial_shops,
          nicolae_shop_back_alley_shop, serial_bayou_crossing
D:4:      layout_loops_ring, mainiacjoe_overflow_brackets, uniq_blork_the_orc,
          uniq_sigmund
D:5:      layout_basic, serial_shops, nicolae_shop_overgrown_old_shop, uniq_ijyb
D:6:      layout_layer_cave, mainiacjoe_overflow_concentric_impassable,
          minmay_temple_entry_ruins
D:7:      layout_loops_ring, lemuel_tele_altar, kennysheep_minor_cross
D:8:      layout_basic, nicolae_dithmenos_shadow_blocks,
          trog_three_pillars_becter, uniq_jeremiah

Skill      XL: |  1  2  3  4  5  6  7  8  9 10 |
---------------+-------------------------------+-----
Shapeshifting  | 4 5 6 8 10 | 10.6
Unarmed Combat | 4 5 7 8 9 |  9.2
Fighting       | |  0.8
Dodging        | |  1.5

Action                     |  1- 3 |  4- 6 |  7- 9 | 10-12 || total
---------------------------+-------+-------+-------+-------++-------
  Melee: Unarmed           |    71 |   137 |   205 |    85 ||   498
         Bite              |    11 |    30 |    67 |    28 ||   136
         Punch             |     3 |     8 |     7 |       ||    18
 Invoke: Sacrifice Durabil |       |       |     1 |       ||     1
  Evoke: Wand              |       |       |     6 |     3 ||     9
    Use: Potion            |       |       |     3 |       ||     3
 Armour: Animal skin       |    10 |       |       |       ||    10
         Ring mail         |       |    30 |    42 |     3 ||    75
         Skin              |       |       |     2 |       ||     2
         Chain mail        |       |       |       |    27 ||    27
  Dodge: Dodged            |    39 |    66 |   112 |    30 ||   247
   Form: Flux              |       |       |     1 |       ||     1

Table legend: (Time is in decaauts)
 A = Elapsed time spent in this place.
 B = Non-inter-level travel time spent in this place.
 C = Inter-level travel time spent in this place.
 D = Time resting spent in this place.
 E = Time spent auto-exploring this place.
 F = Levels seen in this place.
 G = Mean time per level.
                   A        B        C        D        E       F      G
               +--------+--------+--------+--------+--------+-----+--------+
         Total |   7483 |   7203 |    280 |    169 |   5229 |   8 |  935.4 |
       Dungeon |   7483 |   7203 |    280 |    169 |   5229 |   8 |  935.4 |
               +--------+--------+--------+--------+--------+-----+--------+

Top non-repeatable levels by time:
     D:6: 1282 daAuts
     D:7: 1242 daAuts
     D:5: 1181 daAuts
     D:3: 1050 daAuts
     D:4: 911 daAuts
     D:2: 802 daAuts
     D:1: 649 daAuts
     D:8: 363 daAuts
